[Event "November 21 Early 2023"]
[Site "https://www.chess.com"]
[Date "2023.11.21"]
[Round "2"]
[White "Panda Sambit"]
[Black "Andersson, Bjorn 1971"]
[Result "1-0"]
[Board "204"]
[TimeControl "180+1"]
[WhiteFideId "25091794"]
[BlackFideId "1702114"]
[WhiteElo "2216"]
[BlackElo "2172"]
[WhiteTeam "IND"]
[BlackTeam "SWE"]
[WhiteClock "0:02:08"]
[BlackClock "0:01:45"]

1. e4 c5 2. Nf3 Nc6 3. Bb5 e6 4. O-O Nge7 5. c3 a6 6. Bd3 b5 7. a4 c4 8. Bc2 Bb7 9. Na3 Na7 10. axb5 axb5 11. d3 d5 12. exd5 exd5 13. Nd4 Qb6 14. Re1 g6 15. Be3 Qd8 16. Naxb5 Nxb5 17. Rxa8 Bxa8 18. Nxb5 Bg7 19. Bc5 Bf6 20. Qf3 Bg5 21. Nd6+ Kf8 22. Qxf7# 1-0

[Event "November 21 Early 2023"]
[Site "https://www.chess.com"]
[Date "2023.11.21"]
[Round "2"]
[White "Martin, Lewis"]
[Black "Kanyamarala, Tarun"]
[Result "0-1"]
[Board "205"]
[TimeControl "180+1"]
[WhiteFideId "410551"]
[BlackFideId "45004714"]
[WhiteElo "2145"]
[BlackElo "2318"]
[WhiteTeam "ENG"]
[BlackTeam "IRL"]
[WhiteClock "0:00:26"]
[BlackClock "0:00:06"]

1. c4 b6 2. Nf3 c5 3. g3 Bb7 4. Bg2 Nf6 5. d3 g6 6. Nc3 Bg7 7. e4 O-O 8. O-O e6 9. Re1 d6 10. h3 Nc6 11. Be3 d5 12. exd5 exd5 13. Bg5 Ne7 14. Qd2 d4 15. Ne4 Nxe4 16. dxe4 Qc7 17. Bh6 Nc6 18. Bxg7 Kxg7 19. e5 Rae8 20. Qf4 Nb4 21. Re2 Nd3 22. Qf6+ Kg8 23. Qh4 Bxf3 24. Bxf3 Rxe5 25. Rxe5 Nxe5 26. Bd5 Kg7 27. Qf4 Re8 28. Kg2 Re7 29. Re1 Qd6 30. Bxf7 Qf6 31. Qxf6+ Kxf6 32. Bd5 Nd3 33. Ra1 Nxb2 34. a4 a5 35. Rb1 Nxa4 36. Bc6 Nc3 37. Rxb6 Re6 38. Ra6 a4 0-1

[Event "November 21 Early 2023"]
[Site "https://www.chess.com"]
[Date "2023.11.21"]
[Round "2"]
[White "Jesseinkman"]
[Black "Witty_Alien"]
[Result "0-1"]
[Board "206"]
[TimeControl "180+1"]
[WhiteElo "2494"]
[BlackElo "2268"]
[WhiteClock "0:00:08"]
[BlackClock "0:00:41"]

1. e4 c5 2. Nf3 d6 3. d4 cxd4 4. Nxd4 Nf6 5. Nc3 a6 6. f3 e5 7. Nb3 Be6 8. Be3 Nbd7 9. Qd2 b5 10. g4 Nb6 11. g5 Nfd7 12. Nd5 Rc8 13. O-O-O Nc4 14. Bxc4 bxc4 15. Na5 c3 16. Nxc3 Qxa5 17. f4 Bxa2 18. f5 Be7 19. h4 Bc4 20. Kb1 Rb8 21. Rhg1 Nc5 22. f6 Nxe4 23. Qg2 Rxb2+ 24. Kxb2 Qxc3+ 25. Kb1 Qb4+ 26. Ka1 Qa3+ 0-1

[Event "November 21 Early 2023"]
[Site "https://www.chess.com"]
[Date "2023.11.21"]
[Round "2"]
[White "Bommini Mounika Akshaya"]
[Black "Orlov, Georgi"]
[Result "0-1"]
[Board "207"]
[TimeControl "180+1"]
[WhiteFideId "25019872"]
[BlackFideId "2011271"]
[WhiteElo "2073"]
[BlackElo "2493"]
[WhiteTeam "IND"]
[BlackTeam "USA"]
[WhiteClock "0:00:30"]
[BlackClock "0:02:06"]

1. d4 Nf6 2. c4 Nc6 3. Nc3 e5 4. d5 Ne7 5. e4 Ng6 6. h4 h5 7. Nf3 Ng4 8. Be2 Bc5 9. Bg5 Bxf2+ 10. Kf1 f6 11. Nd2 d6 12. Bxg4 Bxg4 13. Nf3 fxg5 14. Kxf2 Nxh4 15. Kg1 Bxf3 16. gxf3 O-O 17. Rh3 Qf6 0-1

[Event "November 21 Early 2023"]
[Site "https://www.chess.com"]
[Date "2023.11.21"]
[Round "2"]
[White "Rutten, Alexander"]
[Black "BM223344"]
[Result "0-1"]
[Board "208"]
[TimeControl "180+1"]
[WhiteFideId "1052063"]
[WhiteElo "2124"]
[BlackElo "2493"]
[WhiteTeam "NED"]
[WhiteClock "0:00:20"]
[BlackClock "0:00:20"]

1. e4 e6 2. d4 d5 3. e5 c5 4. c3 Nc6 5. Nf3 Nge7 6. a3 Nf5 7. b4 cxd4 8. cxd4 a6 9. Nc3 Be7 10. Bb2 h6 11. Na4 b5 12. Nc3 O-O 13. Rc1 Bb7 14. Nb1 f6 15. Nbd2 fxe5 16. dxe5 Nxe5 17. Bxe5 d4 18. Bd3 Nh4 19. Qe2 Nxg2+ 20. Kd1 Bd6 21. Be4 Bxe4 22. Qxe4 Bxe5 23. Qxe5 Nf4 24. Rg1 Rf7 25. Qxd4 Qxd4 26. Nxd4 Nd3 27. Rc3 Nxf2+ 28. Kc2 Rd8 29. Nxe6 Re8 30. Nc5 Re2 31. Kc1 h5 32. Ndb3 Ng4 33. h3 Ne5 34. Rc2 Re3 35. h4 Nc4 36. Nd4 Nxa3 37. Rcg2 Nc4 38. Nde6 Rc3+ 39. Kb1 Kh8 40. Rxg7 Nd2+ 41. Ka2 Rc2+ 42. Ka1 Rxg7 43. Rxg7 a5 44. Rg5 axb4 45. Rxh5+ Kg8 46. Nd4 Rc1+ 47. Kb2 Rc4 48. Ncb3 Ne4 49. Rxb5 Nc3 50. Rb8+ Kf7 51. Rb6 Na4+ 52. Ka2 Nxb6 53. h5 Rc3 54. Nb5 Rh3 55. Nd6+ Ke6 56. Nb7 Rxh5 57. Nd4+ Kd5 58. Nc2 Kc4 59. Na5+ Kb5 60. Nb3 Nc4 61. Nbd4+ Ka4 62. Nb3 Rh2 63. Nd4 b3+ 64. Ka1 bxc2 65. Nb3 Rh1+ 66. Ka2 c1=Q 67. Nxc1 Rh2+ 68. Kb1 Ka3 69. Nd3 Ne3 70. Nc1 Nd5 71. Nd3 Nb4 72. Kc1 Nxd3+ 73. Kd1 Nf4 74. Ke1 Kb3 75. Kf1 Rg2 76. Ke1 Kc3 77. Kf1 Kd3 78. Ke1 Ke3 79. Kf1 Rf2+ 80. Kg1 Nd3 81. Kh1 Ne5 82. Kg1 Nf3+ 83. Kh1 Rh2# 0-1

[Event "November 21 Early 2023"]
[Site "https://www.chess.com"]
[Date "2023.11.21"]
[Round "2"]
[White "Kochiev, Ivan"]
[Black "Pasmendjambvirgulptipon98"]
[Result "1-0"]
[Board "209"]
[TimeControl "180+1"]
[WhiteFideId "2917890"]
[WhiteElo "2285"]
[BlackElo "2248"]
[WhiteTeam "BUL"]
[WhiteClock "0:00:21"]
[BlackClock "0:00:29"]

1. e4 e5 2. Nf3 Nc6 3. d4 exd4 4. Bc4 Nf6 5. O-O Nxe4 6. Nc3 dxc3 7. Bxf7+ Kxf7 8. Qd5+ Ke8 9. Re1 Be7 10. Rxe4 Kf8 11. Bg5 Bxg5 12. Nxg5 Qf6 13. Rae1 Ne7 14. Rxe7 Qxe7 15. Rxe7 Kxe7 16. Qf7+ Kd6 17. Ne4+ Kc6 18. Qc4+ Kb6 19. Qb4+ Kc6 20. Qc5# 1-0

[Event "November 21 Early 2023"]
[Site "https://www.chess.com"]
[Date "2023.11.21"]
[Round "2"]
[White "Devaev, Alexander"]
[Black "Skibbe, Willi"]
[Result "1-0"]
[Board "210"]
[TimeControl "180+1"]
[WhiteFideId "4169395"]
[BlackFideId "4682190"]
[WhiteElo "2172"]
[BlackElo "2244"]
[WhiteTeam "RUS"]
[BlackTeam "GER"]
[WhiteClock "0:00:09"]
[BlackClock "0:00:00"]

1. Nf3 e6 2. d4 d5 3. c4 c6 4. e3 f5 5. b3 Nf6 6. Bd3 Bb4+ 7. Bd2 Bd6 8. O-O O-O 9. a3 b6 10. Qc2 Bb7 11. Bc3 Nbd7 12. Ne5 Rc8 13. Nd2 Ne4 14. Bb2 Nxd2 15. Qxd2 Nxe5 16. dxe5 Be7 17. Rad1 c5 18. Qc2 Qc7 19. f4 Rfd8 20. a4 Qc6 21. cxd5 Rxd5 22. Bb5 Qc7 23. Bc4 Rcd8 24. Bxd5 Bxd5 25. Rd2 a6 26. Rfd1 b5 27. axb5 axb5 28. Rxd5 exd5 29. Qxf5 c4 30. Qe6+ Kf8 31. Rxd5 c3 32. Rxd8+ Qxd8 33. Qf5+ Kg8 34. Bxc3 Bc5 35. Kf2 Qa8 36. Qe6+ Kh8 37. Bd4 Qa2+ 38. Kf3 Qa8+ 39. Kg3 Bf8 40. f5 h6 41. f6 Qe4 42. Qg4 Qb1 43. e6 1-0

[Event "November 21 Early 2023"]
[Site "https://www.chess.com"]
[Date "2023.11.21"]
[Round "2"]
[White "thisjuan"]
[Black "Jamal-Jamal-Jamal"]
[Result "1-0"]
[Board "211"]
[TimeControl "180+1"]
[WhiteElo "2235"]
[BlackElo "2489"]
[WhiteClock "0:00:09"]
[BlackClock "0:00:03"]

1. c4 e6 2. g3 d5 3. Bg2 Nf6 4. Nf3 Be7 5. O-O O-O 6. d4 dxc4 7. Ne5 Nc6 8. Nxc6 bxc6 9. Na3 Bxa3 10. bxa3 Nd5 11. Qa4 c3 12. Qxc6 Rb8 13. e4 Bb7 14. Qc5 Nf6 15. Re1 c2 16. Bf4 Qd7 17. Qxc2 Qxd4 18. Rad1 Qb6 19. Be3 Qc6 20. Qxc6 Bxc6 21. Bxa7 Rb2 22. Bc5 Rfb8 23. Bb4 h5 24. Rc1 Rb6 25. h3 Rxa2 26. Rc4 Nd7 27. Rec1 Ne5 28. Rc5 Nd3 29. Rxc6 Nxc1 30. Rxc1 e5 31. Rxc7 f6 32. Bf3 Ra1+ 33. Kg2 Rb8 34. Bxh5 Rd8 35. Bg6 Rad1 36. Bf5 Ra1 37. Be7 Re8 38. Bd6 Ra8 39. Bb4 Rd1 40. Re7 Rc1 41. h4 Ra1 42. h5 Ra2 43. h6 gxh6 44. Bg6 Rb8 45. Bf7+ Kf8 46. Bxa2 Rxb4 47. axb4 Kxe7 48. Bd5 Kd7 49. b5 Kc7 50. Kf3 Kb6 51. Kg4 Kc5 52. Kf5 Kb6 53. Kxf6 Kc5 54. Kxe5 Kb6 55. Kf5 1-0

[Event "November 21 Early 2023"]
[Site "https://www.chess.com"]
[Date "2023.11.21"]
[Round "2"]
[White "pinguino120"]
[Black "Kazmin_Semyon"]
[Result "0-1"]
[Board "212"]
[TimeControl "180+1"]
[WhiteElo "2226"]
[BlackElo "2488"]
[WhiteClock "0:00:11"]
[BlackClock "0:00:03"]

1. e4 e6 2. d4 d5 3. Nd2 Nf6 4. e5 Nfd7 5. Bd3 h6 6. f4 c5 7. c3 Nc6 8. Ndf3 Be7 9. Ne2 g5 10. g4 Qb6 11. f5 cxd4 12. cxd4 h5 13. f6 hxg4 14. Nxg5 Bb4+ 15. Kf2 Ndxe5 16. Be3 Nxd3+ 17. Qxd3 Qd8 18. Kg2 Bd7 19. Raf1 Bf8 20. Nf4 Rh6 21. Nfxe6 Bxe6 22. Nxe6 fxe6 23. f7+ Kd7 24. Bxh6 Bxh6 25. Qg6 Qh8 26. Rf6 Bf8 27. Rxe6 Qxd4 28. Rhe1 Bc5 29. Qf5 Kc7 30. Re8 Rd8 31. Rxd8 Nxd8 32. f8=Q Qd2+ 33. Kg3 Bxf8 34. Kxg4 Qg2+ 35. Kh5 Qg7 36. Qg5 Qxg5+ 37. Kxg5 Bb4 38. h4 Bxe1 39. h5 Bd2+ 40. Kg6 Kd6 41. Kf5 Nc6 42. Kg4 Ke5 43. Kf3 Bh6 44. Ke2 0-1

[Event "November 21 Early 2023"]
[Site "https://www.chess.com"]
[Date "2023.11.21"]
[Round "2"]
[White "Reprintsev, Alexander"]
[Black "le-castor-faineant"]
[Result "0-1"]
[Board "213"]
[TimeControl "180+1"]
[WhiteFideId "14100541"]
[WhiteElo "2229"]
[BlackElo "2223"]
[WhiteTeam "UKR"]
[WhiteClock "0:00:00"]
[BlackClock "0:01:26"]

1. e4 e5 2. Nf3 Nf6 3. d4 Nxe4 4. Bd3 d5 5. Nxe5 Nc6 6. Nc3 Bb4 7. O-O Nxc3 8. bxc3 Bxc3 9. Nxc6 bxc6 10. Ba3 Bxa1 11. Qxa1 Be6 12. f4 f5 13. Qc3 Qd7 14. g4 g6 15. Re1 Kf7 16. Re5 Rae8 17. g5 h6 18. Qe1 Kg7 19. h4 Bf7 20. Qg3 Rxe5 21. dxe5 d4 22. gxh6+ Rxh6 23. Kf2 Qd8 24. Bc5 Qxh4 25. Bxd4 Bxa2 26. Bxa7 Bd5 27. Bb8 Qh1 28. Qg5 Qf3+ 29. Ke1 Qe3+ 0-1

[Event "November 21 Early 2023"]
[Site "https://www.chess.com"]
[Date "2023.11.21"]
[Round "2"]
[White "Kuchava, Ana"]
[Black "HeroWilczek"]
[Result "1-0"]
[Board "214"]
[TimeControl "180+1"]
[WhiteFideId "13605348"]
[WhiteElo "1950"]
[BlackElo "2484"]
[WhiteTeam "GEO"]
[WhiteClock "0:00:47"]
[BlackClock "0:01:02"]

1. d4 d5 2. Nf3 Nf6 3. c4 e6 4. Nc3 Be7 5. Bg5 h6 6. Bh4 O-O 7. e3 Ne4 8. Bxe7 Qxe7 9. Rc1 Nxc3 10. Rxc3 c6 11. Bd3 Nd7 12. O-O dxc4 13. Bxc4 e5 14. Qc2 exd4 15. exd4 Nb6 16. Bb3 Qf6 17. Ne5 Be6 18. a4 Bxb3 19. Qxb3 Rad8 20. Rf3 Qe7 21. Ng6 Qe4 22. Nxf8 Rxf8 23. a5 Nd5 24. Qxb7 Nf4 25. Qxa7 Rd8 26. a6 Rd5 27. Qb8+ 1-0

[Event "November 21 Early 2023"]
[Site "https://www.chess.com"]
[Date "2023.11.21"]
[Round "2"]
[White "Saravana, Krishnan P."]
[Black "Dodaro, Mattia"]
[Result "1/2-1/2"]
[Board "215"]
[TimeControl "180+1"]
[WhiteFideId "5018382"]
[BlackFideId "28583400"]
[WhiteElo "2167"]
[BlackElo "2221"]
[WhiteTeam "IND"]
[BlackTeam "ITA"]
[WhiteClock "0:00:39"]
[BlackClock "0:00:05"]

1. Nf3 a6 2. e4 e6 3. d4 d5 4. Nc3 Nf6 5. Bg5 dxe4 6. Nxe4 Be7 7. Bxf6 gxf6 8. Qd2 f5 9. Ng3 b5 10. a4 b4 11. Bc4 Bb7 12. d5 Bxd5 13. Bxd5 Qxd5 14. Qxd5 exd5 15. Nxf5 Bf6 16. O-O-O c6 17. Rhe1+ Kf8 18. Ne5 h5 19. Nd6 Ra7 20. f4 Re7 21. g3 Bxe5 22. Rxe5 Rxe5 23. fxe5 Nd7 24. Re1 Rh6 25. c3 Nxe5 26. Rxe5 Rxd6 27. cxb4 h4 28. gxh4 Rg6 29. b5 axb5 30. axb5 cxb5 31. Rxd5 Rg1+ 32. Rd1 Rg2 33. Rd2 Rg4 34. Rd5 Rxh4 35. Rxb5 Rxh2 36. Re5 f6 37. Re1 Kf7 38. Kb1 f5 39. Ka2 Kf6 40. Ka3 Rh3+ 41. Ka4 f4 42. b4 Kf5 43. b5 f3 44. b6 Kf4 45. b7 Rh8 46. Kb5 f2 47. Re7 Rf8 48. Rf7+ Rxf7 49. b8=Q+ Kf3 50. Qa8+ Ke2 51. Qe4+ Kd1 52. Qd5+ Ke1 53. Qe6+ Kd1 54. Qxf7 Ke1 55. Qe6+ Kd1 56. Qc4 Ke1 57. Qe4+ Kf1 58. Kc4 Kg1 59. Qg4+ Kh1 60. Qh3+ Kg1 61. Qg3+ Kh1 62. Qd3 Kg1 63. Qe3 Kh1 64. Qe2 Kg1 65. Qxf2+ Kxf2 1/2-1/2

[Event "November 21 Early 2023"]
[Site "https://www.chess.com"]
[Date "2023.11.21"]
[Round "2"]
[White "Pinero Rodriguez, Carlos Jose"]
[Black "mataMNsMS"]
[Result "1-0"]
[Board "216"]
[TimeControl "180+1"]
[WhiteFideId "3901726"]
[WhiteElo "2191"]
[BlackElo "2221"]
[WhiteTeam "VEN"]
[WhiteClock "0:01:06"]
[BlackClock "0:01:11"]

1. e4 c5 2. Nf3 Nc6 3. d4 cxd4 4. Nxd4 e5 5. Nb5 a6 6. Nd6+ Bxd6 7. Qxd6 Qe7 8. Qxe7+ Ngxe7 9. Nc3 Nb4 10. Bd3 d5 11. a3 Nxd3+ 12. cxd3 dxe4 13. dxe4 O-O 14. Be3 Nc6 15. O-O-O Be6 16. Bb6 Bb3 17. Rd6 Rac8 18. Kb1 Rfe8 19. Rc1 Re6 20. Rd7 g6 21. Nd5 Kf8 22. Rxb7 Bxd5 23. exd5 Ne7 24. Rxc8+ Nxc8 25. Bc5+ Re7 26. Rb8 Ke8 27. Rxc8+ Kd7 28. Bxe7 Kxc8 29. Bf6 e4 30. Be5 Kd7 31. Kc2 f5 32. Kc3 h5 33. h4 Ke7 34. Kd4 1-0

[Event "November 21 Early 2023"]
[Site "https://www.chess.com"]
[Date "2023.11.21"]
[Round "2"]
[White "Jimenez Fernandez, Rebeca"]
[Black "Tomaszewski, Kacper"]
[Result "1-0"]
[Board "217"]
[TimeControl "180+1"]
[WhiteFideId "32070934"]
[BlackFideId "1127373"]
[WhiteElo "2015"]
[BlackElo "2211"]
[WhiteTeam "ESP"]
[BlackTeam "POL"]
[WhiteClock "0:00:46"]
[BlackClock "0:00:55"]

1. e4 Nc6 2. d4 d5 3. exd5 Qxd5 4. Nf3 Bg4 5. Nc3 Qe6+ 6. Be3 O-O-O 7. d5 Qf5 8. Bd3 Qh5 9. dxc6 e5 10. Bxa7 Nf6 11. cxb7+ Kxb7 12. Ba6+ Kxa6 13. Qxd8 Bxf3 14. Qd3+ Kxa7 15. gxf3 Bb4 16. O-O-O Qg5+ 17. Kb1 Rb8 18. Nb5+ Ka8 19. Qc4 c5 20. Rd6 Kb7 21. Nc3 Kc7 22. Qa6 Rb7 23. Qc6+ Kb8 24. Rd8+ Ka7 25. Nb5+ Rxb5 26. Ra8# 1-0

[Event "November 21 Early 2023"]
[Site "https://www.chess.com"]
[Date "2023.11.21"]
[Round "2"]
[White "Cruz Mendez, Jean Marco"]
[Black "Valy02chess"]
[Result "1-0"]
[Board "218"]
[TimeControl "180+1"]
[WhiteFideId "3526402"]
[WhiteElo "2064"]
[BlackElo "2213"]
[WhiteTeam "CUB"]
[WhiteClock "0:00:49"]
[BlackClock "0:00:02"]

1. Nf3 d5 2. g3 g6 3. Bg2 Bg7 4. O-O e5 5. c4 c6 6. d3 Ne7 7. Nc3 O-O 8. Qb3 a5 9. a3 Na6 10. Bg5 Nc5 11. Qc2 f6 12. Bd2 a4 13. cxd5 cxd5 14. d4 Nb3 15. Rad1 Bf5 16. e4 dxe4 17. Nxe4 Rc8 18. Qd3 Nc5 19. Qc4+ Be6 20. Qe2 Nxe4 21. Qxe4 Bd5 22. Qe2 e4 23. Ne1 f5 24. Bc3 Bc4 25. Qc2 Bxf1 26. Bxf1 Qd7 27. Ng2 Nd5 28. Qd2 Qc6 29. Rc1 Nxc3 30. bxc3 Qd6 31. Qb2 b6 32. Rb1 Rc7 33. Ne3 Rfc8 34. Nd1 Bf8 35. Qxb6 Qxb6 36. Rxb6 Bxa3 37. Ra6 Be7 38. Rxa4 Rxc3 39. Nxc3 Rxc3 40. Bc4+ Kg7 41. Be6 Bf6 42. Ra7+ Kh6 43. Bg8 Bxd4 44. Rxh7+ Kg5 45. h4+ Kf6 46. Rf7+ Ke5 47. Re7+ Kd6 48. Re6+ Kc5 49. Re8 Rc1+ 50. Kg2 Kd6 51. Rd8+ Ke5 52. Rd5+ Kf6 53. Rxd4 Kg7 54. Bd5 Rc2 55. Bxe4 fxe4 56. Rxe4 Kf6 57. Re3 Kf5 58. Rf3+ Kg4 59. Rf4+ Kh5 60. Kh3 g5 61. hxg5 Kxg5 62. Rf8 Rc1 63. f4+ Kg6 64. Kg4 Rc4 65. Ra8 Rb4 66. Ra6+ Kg7 67. Kg5 Rb3 68. g4 Rb5+ 69. f5 Rc5 70. Ra7+ Kg8 71. Kg6 Rc6+ 72. f6 Rc8 73. g5 Kh8 74. Rh7+ Kg8 75. f7+ Kf8 76. Rh8+ 1-0

[Event "November 21 Early 2023"]
[Site "https://www.chess.com"]
[Date "2023.11.21"]
[Round "2"]
[White "EdmundPlayer"]
[Black "Luukkonen, Tommi"]
[Result "0-1"]
[Board "219"]
[TimeControl "180+1"]
[BlackFideId "501808"]
[WhiteElo "2208"]
[BlackElo "2219"]
[BlackTeam "FIN"]
[WhiteClock "0:01:01"]
[BlackClock "0:01:55"]

1. Nc3 c5 2. e4 Nc6 3. Bb5 Nd4 4. Bc4 e6 5. Nge2 g6 6. Nxd4 cxd4 7. Ne2 Bg7 8. d3 Ne7 9. O-O O-O 10. Bb3 a5 11. c3 dxc3 12. Nxc3 d5 13. exd5 Nxd5 14. Nxd5 exd5 15. Qf3 Be6 16. d4 a4 17. Bc2 Bxd4 18. Bh6 Bg7 19. Bxg7 Kxg7 20. Rad1 Qf6 21. Qa3 Rfc8 22. Rd2 Qf4 23. Rfd1 b5 24. Bd3 b4 25. g3 Qxd2 0-1

[Event "November 21 Early 2023"]
[Site "https://www.chess.com"]
[Date "2023.11.21"]
[Round "2"]
[White "YouShallNotPass001"]
[Black "Florianovitz, Derlei Alex"]
[Result "1/2-1/2"]
[Board "220"]
[TimeControl "180+1"]
[BlackFideId "2114178"]
[WhiteElo "2471"]
[BlackElo "1953"]
[BlackTeam "BRA"]
[WhiteClock "0:00:55"]
[BlackClock "0:00:11"]

1. Nf3 c5 2. e3 Nc6 3. Be2 d5 4. d4 cxd4 5. exd4 Nf6 6. O-O Bf5 7. c3 e6 8. Re1 Bd6 9. Nbd2 O-O 10. Nf1 h6 11. Ng3 Bh7 12. a4 Ne4 13. Bd3 Nxg3 14. hxg3 Bxd3 15. Qxd3 a6 16. Bf4 Bxf4 17. gxf4 Qf6 18. g3 Ne7 19. Kg2 Rab8 20. Ne5 Rfd8 21. a5 Qf5 22. Ra4 f6 23. Qxf5 Nxf5 24. Nd3 Kf7 25. Nc5 Rd6 26. Rb4 b5 27. axb6 Rdxb6 28. Rxb6 Rxb6 29. b4 Rc6 30. Ra1 Nd6 31. Rxa6 Rxa6 32. Nxa6 Nb5 33. Kf3 Nxc3 34. Ke3 Ke7 35. Kd3 Nb5 36. Nc5 Kd6 37. Nb7+ Kc7 38. Nc5 Kd6 39. g4 g5 40. fxg5 hxg5 41. f3 e5 42. dxe5+ fxe5 43. Nb7+ Kc7 44. Nc5 Kd6 45. Ke3 Nd4 46. Nb7+ Kc7 47. Nc5 Nc2+ 48. Kd2 Nxb4 49. Ne6+ Kd6 50. Nxg5 Ke7 51. Kc3 Nc6 52. Kd3 Kf6 53. Nh3 Nd4 54. Ke3 Ne6 55. Nf2 Ng5 56. Nd1 d4+ 57. Kf2 Ke6 58. Nb2 Kd5 59. Nd3 Nf7 60. Nb4+ Kc4 61. Nc6 Kc3 62. Ne7 d3 63. Ke3 d2 64. Nd5+ Kc2 65. Nb4+ Kc1 66. Nd3+ Kc2 67. Nb4+ Kc3 68. Nd5+ Kc2 69. Ke4 d1=Q 70. Ne3+ Kd2 71. Nxd1 Kxd1 72. f4 exf4 73. Kxf4 Ke2 74. Kf5 Kf3 75. Kf6 Kf4 76. Kxf7 Kxg4 1/2-1/2

[Event "November 21 Early 2023"]
[Site "https://www.chess.com"]
[Date "2023.11.21"]
[Round "2"]
[White "Chemin, Justo Reinaldo"]
[Black "whiteglovethief"]
[Result "1-0"]
[Board "221"]
[TimeControl "180+1"]
[WhiteFideId "2101580"]
[WhiteElo "1940"]
[BlackElo "2471"]
[WhiteTeam "BRA"]
[WhiteClock "0:00:38"]
[BlackClock "0:01:20"]

1. e4 d5 2. exd5 Qxd5 3. Nc3 Qa5 4. Nf3 Nf6 5. Bc4 Bg4 6. d3 Nc6 7. Bd2 Qh5 8. Be3 Ne5 9. Nxe5 Qxe5 10. Qd2 a6 11. a4 e6 12. O-O Bd6 13. f4 Qf5 14. h3 h5 15. Rae1 O-O 16. hxg4 Nxg4 17. Ne4 Be7 18. Rf3 Qg6 19. Ref1 f5 20. Nc5 Nxe3 21. Qxe3 1-0

[Event "November 21 Early 2023"]
[Site "https://www.chess.com"]
[Date "2023.11.21"]
[Round "2"]
[White "kingapolak"]
[Black "Sreyas Payyappat"]
[Result "0-1"]
[Board "222"]
[TimeControl "180+1"]
[BlackFideId "46674969"]
[WhiteElo "2195"]
[BlackElo "2043"]
[BlackTeam "IND"]
[WhiteClock "0:00:56"]
[BlackClock "0:00:16"]

1. e4 c6 2. d4 d5 3. Nc3 dxe4 4. Nxe4 Nf6 5. Nxf6+ exf6 6. c3 Bd6 7. Bd3 O-O 8. Qc2 Re8+ 9. Ne2 h5 10. Be3 Nd7 11. O-O-O Nf8 12. Kb1 Be6 13. Nf4 Bxf4 14. Bxf4 b5 15. h3 a5 16. g4 h4 17. Rhg1 Qd5 18. b3 a4 19. b4 Qf3 20. Bd6 Bd5 21. g5 f5 22. Rde1 Nd7 23. Bxf5 Nb6 24. Bg4 Qg2 25. Rxe8+ Rxe8 26. Rxg2 Bxg2 27. Be5 Nc4 28. Be2 Be4 29. Bd3 Na3+ 30. Kc1 Nxc2 31. Kxc2 Bxd3+ 32. Kxd3 Re6 33. Ke4 f6 34. gxf6 gxf6 35. Kf5 Kf7 36. Bf4 Re2 37. Be3 Rxa2 38. Kg4 a3 39. Kxh4 Re2 40. Kg4 a2 0-1

[Event "November 21 Early 2023"]
[Site "https://www.chess.com"]
[Date "2023.11.21"]
[Round "2"]
[White "Ramla2020"]
[Black "Mishra, Manoj"]
[Result "1-0"]
[Board "223"]
[TimeControl "180+1"]
[BlackFideId "5006007"]
[WhiteElo "2468"]
[BlackElo "1847"]
[BlackTeam "IND"]
[WhiteClock "0:01:16"]
[BlackClock "0:00:00"]

1. c4 e6 2. d4 d5 3. Nf3 Nf6 4. Bg5 Be7 5. e3 c6 6. Nc3 a6 7. a4 Nbd7 8. Qc2 h6 9. Bh4 Bb4 10. Bd3 dxc4 11. Bxc4 Nb6 12. Bd3 Nbd5 13. O-O Bd6 14. e4 Nb4 15. Qe2 Nxd3 16. Qxd3 Be7 17. e5 Nd5 18. Bxe7 Qxe7 19. Ne4 O-O 20. Nd6 b6 21. Rac1 a5 22. Qb3 Ba6 23. Rfe1 Nb4 24. Rc3 b5 25. Nd2 Rfb8 26. N2e4 Nd5 27. Rg3 bxa4 28. Qxa4 Rb4 29. Qxa5 Bb7 30. Qc5 Rxb2 31. h3 Nf4 32. Qc1 Ne2+ 33. Rxe2 Rxe2 34. Qxh6 Ra1+ 35. Kh2 g6 36. Nf6+ Qxf6 37. exf6 1-0

[Event "November 21 Early 2023"]
[Site "https://www.chess.com"]
[Date "2023.11.21"]
[Round "2"]
[White "Essing, Arnold"]
[Black "Manukyan, Sargis V."]
[Result "1-0"]
[Board "224"]
[TimeControl "180+1"]
[WhiteFideId "4619862"]
[BlackFideId "13303465"]
[WhiteElo "2257"]
[BlackElo "2236"]
[WhiteTeam "GER"]
[BlackTeam "ARM"]
[WhiteClock "0:00:04"]
[BlackClock "0:00:00"]

1. d4 Nf6 2. Nf3 c5 3. d5 e6 4. c4 exd5 5. cxd5 Bd6 6. Nc3 O-O 7. Bg5 h6 8. Bh4 Re8 9. e3 a6 10. a4 Bc7 11. Bd3 d6 12. O-O Bg4 13. h3 Bxf3 14. Qxf3 Nbd7 15. Qe2 Ne5 16. Bc2 Rb8 17. f4 Ng6 18. Bg3 c4 19. Qxc4 Bb6 20. Kh1 Nh5 21. Bh2 Rxe3 22. Bxg6 fxg6 23. f5 g5 24. a5 Ba7 25. Rae1 Rc8 26. Qb3 Qe7 27. Rxe3 Bxe3 28. Re1 Re8 29. Nd1 Bd2 30. Rxe7 Rxe7 31. Bg1 Bf4 32. Nf2 Ng3+ 33. Kh2 Nf1+ 34. Kh1 Ng3+ 35. Kh2 Re1 36. Qxb7 Nf1+ 37. Kh1 Ng3+ 38. Kh2 Ne2+ 39. g3 Bxg3+ 40. Kg2 Rxg1+ 41. Kf3 Rf1 42. Kxe2 Rxf2+ 43. Ke3 Rf1 44. Qxa6 Be5 45. Qxf1 1-0

[Event "November 21 Early 2023"]
[Site "https://www.chess.com"]
[Date "2023.11.21"]
[Round "2"]
[White "Pourkashiyan, Atousa"]
[Black "missponyo10"]
[Result "1-0"]
[Board "225"]
[TimeControl "180+1"]
[WhiteFideId "12502014"]
[WhiteElo "2221"]
[BlackElo "2178"]
[WhiteTeam "USA"]
[WhiteClock "0:00:56"]
[BlackClock "0:01:17"]

1. e4 c5 2. Nf3 d6 3. d4 cxd4 4. Nxd4 Nf6 5. Nc3 a6 6. Bc4 e6 7. O-O Be7 8. Bb3 O-O 9. Be3 Nbd7 10. Bxe6 fxe6 11. Nxe6 Qa5 12. Nxf8 Nxf8 13. Nd5 Nxd5 14. exd5 Bf5 15. c4 Rc8 16. b3 Bf6 17. Bd4 Bxd4 18. Qxd4 Ng6 19. Rae1 Qd8 20. Re3 Qg5 21. Rg3 Qh6 22. Re1 Nf4 23. Rxg7+ Qxg7 24. Qxf4 Rf8 25. Qxd6 Be4 26. Qg3 Bg6 27. d6 Kh8 28. h3 Rg8 29. c5 Qb2 30. Qe5+ Qxe5 31. Rxe5 Rd8 32. Re7 b6 33. cxb6 Rxd6 34. b7 Rb6 35. Rc7 Bf5 36. Rc8+ Kg7 37. b8=Q Rxb8 38. Rxb8 1-0

[Event "November 21 Early 2023"]
[Site "https://www.chess.com"]
[Date "2023.11.21"]
[Round "2"]
[White "Ferrufino, Boris"]
[Black "Preobrazhenska_D2011"]
[Result "0-1"]
[Board "226"]
[TimeControl "180+1"]
[WhiteFideId "3300170"]
[WhiteElo "2029"]
[BlackElo "2464"]
[WhiteTeam "BOL"]
[WhiteClock "0:00:21"]
[BlackClock "0:00:24"]

1. d4 Nf6 2. Nf3 b6 3. c4 e6 4. Nc3 Bb4 5. e3 Bb7 6. Bd3 O-O 7. O-O d5 8. Bd2 Nbd7 9. a3 Be7 10. Re1 Ne4 11. Qc2 f5 12. Rac1 Kh8 13. cxd5 exd5 14. Ne5 Nxe5 15. dxe5 Qd7 16. f3 Nxd2 17. Qxd2 c5 18. Bb5 Qe6 19. f4 d4 20. exd4 cxd4 21. Ne2 Qd5 22. Nxd4 Bc5 23. Red1 Bxd4+ 24. Kh1 Qxb5 25. Qxd4 h6 26. Rc7 Be4 27. e6 Rg8 28. h3 Qe2 29. Rg1 Rad8 30. Qe5 Rd1 0-1

[Event "November 21 Early 2023"]
[Site "https://www.chess.com"]
[Date "2023.11.21"]
[Round "2"]
[White "Shishkov, Andrei"]
[Black "Nechitaylo_Nikita"]
[Result "1/2-1/2"]
[Board "227"]
[TimeControl "180+1"]
[WhiteFideId "4500563"]
[WhiteElo "2241"]
[BlackElo "2174"]
[WhiteTeam "EST"]
[WhiteClock "0:00:05"]
[BlackClock "0:00:05"]

1. d4 Nf6 2. c4 e6 3. Nc3 Bb4 4. Qc2 O-O 5. e4 d5 6. e5 Ne4 7. Bd3 c5 8. Nf3 Nc6 9. O-O cxd4 10. Nxe4 dxe4 11. Bxe4 h6 12. a3 Ba5 13. b4 Bc7 14. Bf4 f5 15. Bxc6 bxc6 16. Rad1 Bb7 17. Rxd4 Qe7 18. c5 g5 19. Rfd1 Rad8 20. Bc1 g4 21. Rxd8 Rxd8 22. Ne1 Bxe5 23. Bxh6 Rxd1 24. Qxd1 Qh4 25. g3 Qxh6 26. Qd7 Qf8 27. Qxb7 Qe8 28. Qxa7 Qd8 29. Kf1 Bc3 30. Qa6 Kf7 31. Qe2 Qd5 32. Kg1 Qb3 33. Nd3 Bd4 34. Nf4 e5 35. Nd3 e4 36. Nf4 Qb1+ 37. Kg2 Qb3 38. Qd2 Be5 39. Qd7+ Kf6 40. Qxc6+ Kg5 41. Qe8 Bxf4 42. gxf4+ Kxf4 43. Qb8+ Kg5 44. Qg8+ Kf4 45. Qb8+ Kg5 46. Qg8+ Kf4 47. Qb8+ 1/2-1/2